 Dungeon Crawl Stone Soup version 0.21.1-1-g345015f (webtiles) character file.

6252 nicolaieve the Severer (level 10, -5/84 HPs)
             Began as a Minotaur Berserker on July 19, 2018.
             Was a High Priest of Trog.
             Slain by an orc warrior
             ... wielding a +0 trident
              (14 damage)
             ... on level 10 of the Dungeon.
             The game lasted 00:23:32 (5164 turns).

nicolaieve the Severer (Minotaur Berserker)         Turns: 5164, Time: 00:23:33

Health: -5/84      AC: 11    Str: 25    XL:     10   Next: 62%
Magic:  9/9        EV: 11    Int:  4    God:    Trog [*****.]
Gold:   517        SH:  0    Dex: 10    Spells: 9/9 levels left

rFire    . . .     SeeInvis .   q - +1 war axe (flame)
rCold    . . .     Gourm    .   (no shield)
rNeg     . . .     Faith    .   l - +0 scale mail
rPois    +         Spirit   .   (helmet restricted)
rElec    .         Reflect  .   y - +0 cloak
rCorr    .         Harm     .   f - +0 pair of gloves
MR       ++...                  G - +0 pair of boots
Stlth    ..........             (no amulet)
HPRegen  1.24/turn              (no ring)
MPRegen  0.11/turn              B - ring of poison resistance

@: regenerating
A: retaliatory headbutt, horns 2
a: Berserk, Trog's Hand, Brothers in Arms, Burn Spellbooks, Renounce Religion


You were on level 10 of the Dungeon.
You worshipped Trog.
Trog was extremely pleased with you.
You were not hungry.

You visited 1 branch of the dungeon, and saw 8 of its levels.

You collected 517 gold pieces.

Inventory:

Hand Weapons
 a - a +0 hand axe
 q - a +1 war axe of flaming (weapon)
 s - a +4 hand axe
 x - a +1 mace of holy wrath
Armour
 f - a +0 pair of gloves (worn)
 l - a +0 scale mail (worn)
 y - a +0 cloak (worn)
 G - a +0 pair of boots (worn)
Jewellery
 B - a ring of poison resistance (right hand)
Wands
 w - a wand of flame (30)
 E - a wand of enslavement (10)
Scrolls
 b - 2 scrolls of enchant armour {unknown}
 d - 4 scrolls of teleportation {unknown}
 e - 7 scrolls of remove curse
 n - a scroll of fear {unknown}
 p - 4 scrolls of blinking {unknown}
 r - a scroll of amnesia {unknown}
 t - a scroll of noise {unknown}
 D - a scroll of enchant weapon {unknown}
Potions
 g - 2 potions of ambrosia
 i - 2 potions of magic
 j - a potion of agility
 k - 2 potions of heal wounds
 m - a potion of might
 o - 2 potions of mutation
 u - a potion of curing
 v - a potion of cancellation {unknown}
 z - a potion of haste
 C - a potion of degeneration {unknown}
 F - a potion of resistance {unknown}
Comestibles
 c - 20 rations
 h - 24 chunks of flesh


   Skills:
 * Level 6.8 Fighting
 * Level 16.3 Axes
 * Level 7.0 Armour
 - Level 2.2 Dodging


You had 9 spell levels left.
You didn't know any spells.

Dungeon Overview and Level Annotations

Branches:
Dungeon (7/15)             Temple (0/1) D:6

Altars:
Dithmenos
Fedhas
Gozag
Okawaru
Ru
Vehumet
Wu Jian
Xom
Yredelemnul

Annotations:
D:6 2 transporters


Innate Abilities, Weirdness & Mutations

You reflexively headbutt those who attack you in melee.
You have a pair of horns on your head.


Message History

The orc warrior is heavily wounded.
The orc warrior hits you with a trident!
* * * LOW HITPOINT WARNING * * *
Your skin crawls.
You feel resistant to hostile enchantments.
You feel somewhat more hungry. The orc misses you.
The orc warrior hits you with a trident!
* * * LOW HITPOINT WARNING * * *
You hit the orc warrior but do no damage.
The orc warrior is heavily wounded.
You hit the orc. You burn the orc. The orc closely misses you.
You furiously retaliate!
You headbutt the orc, but do no damage.
An orc warrior comes into view. It is wielding a flail.
Unknown command.
You hit the orc warrior. You burn the orc warrior.
Your headbutt misses the orc warrior.
The orc warrior is severely wounded.
You closely miss the orc.
The orc warrior hits you with a trident!
You die...

#..#.!....##...
#.##.##..#####.#
#....##.## ..
####.#..##.## .
#....#....%.#
#.##()(.....#..
#.)())%.......#
##o###o).)#......###
......o@>(#......#
######...##.........
................##
.......##########
.........#
.........#
.........#
#####....#


You could see 2 orc warriors and an orc.

Vanquished Creatures
  A centaur warrior (D:10)
  The ghost of Ethylacetat the Arsonist, a novice NaFE (D:7)
  Pikel (D:5)
  The ghost of poirepourri the Thaumaturge, a novice DECj of Vehumet (D:5)
  2 trolls (D:10)
  Grinder (D:3)
  Eustachio (D:6)
  Menkaure (D:5)
  An orc warrior (D:10)
  3 sky beasts
  5 ogres
  2 centaurs (D:10)
  5 big kobolds (D:10)
  4 bullfrogs
  4 scorpions
  8 wights
  6 howler monkeys
  A crimson imp (D:10)
  A quasit (D:7)
  2 hounds
  6 orc wizards
  2 orc priests (D:5)
  Crazy Yiuf (D:3)
  A gnoll shaman (D:6)
  Jessica (D:2)
  4 iguanas
  Ijyb (D:5)
  10 worker ants
  A hound zombie (D:3)
  A hound skeleton (D:5)
  5 adders
  19 gnolls
  2 shadow imps
  2 adder skeletons
  10 worms
  7 leopard geckos
  32 orcs
  6 bats
  4 giant cockroaches
  7 goblins
  4 hobgoblins
  6 jackals
  10 kobolds
  2 quokkas
  7 frilled lizards
  2 jackal skeletons
  A leopard gecko skeleton (D:3)
  5 rats
210 creatures vanquished.

Vanquished Creatures (others)
  A slave (D:5)
  A giant cockroach (D:5)
2 creatures vanquished.

Grand Total: 212 creatures vanquished

Notes
Turn   | Place    | Note
-------+----------+-------------------------------------------
     0 | D:1      | nicolaieve the Minotaur Berserker began the quest for the Orb.
     0 | D:1      | Reached XP level 1. HP: 19/19 MP: 0/0
   165 | D:1      | Reached skill level 4 in Axes
   237 | D:1      | Reached XP level 2. HP: 27/27 MP: 1/1
   512 | D:2      | Reached skill level 5 in Axes
   512 | D:2      | Reached XP level 3. HP: 32/33 MP: 2/2
   553 | D:2      | Reached ** piety under Trog
   598 | D:2      | Noticed Jessica
   603 | D:2      | Killed Jessica
   758 | D:2      | Reached XP level 4. HP: 40/40 MP: 3/3
   879 | D:3      | Reached skill level 6 in Axes
   905 | D:3      | Noticed Grinder
   960 | D:3      | Killed Grinder
   960 | D:3      | Reached skill level 8 in Axes
   960 | D:3      | Reached XP level 5. HP: 6/46 MP: 4/4
   960 | D:3      | Reached XP level 6. HP: 7/52 MP: 5/5
  1448 | D:3      | Found a sacrificial altar of Ru.
  1449 | D:3      | Found a basalt altar of Yredelemnul.
  1589 | D:3      | Found a runed door.
  1616 | D:3      | Found an ornate altar of the Wu Jian Council.
  1809 | D:3      | Noticed Crazy Yiuf
  1817 | D:3      | Killed Crazy Yiuf
  2061 | D:4      | Reached skill level 9 in Axes
  2215 | D:4      | Found a blossoming altar of Fedhas.
  2268 | D:4      | Reached *** piety under Trog
  2272 | D:4      | Reached XP level 7. HP: 27/58 MP: 6/6
  2381 | D:4      | Reached skill level 10 in Axes
  2464 | D:4      | Found a blossoming altar of Fedhas.
  2853 | D:5      | Entered Level 5 of the Dungeon
  2870 | D:5      | Noticed Menkaure
  2875 | D:5      | Killed Menkaure
  2902 | D:5      | Reached skill level 11 in Axes
  2961 | D:5      | Reached XP level 8. HP: 42/66 MP: 7/7
  3148 | D:5      | Noticed Pikel
  3158 | D:5      | Killed Pikel
  3158 | D:5      | Reached skill level 13 in Axes
  3176 | D:5      | Noticed Ijyb
  3181 | D:5      | Killed Ijyb
  3183 | D:5      | Noticed poirepourri's ghost (novice DECj)
  3187 | D:5      | Killed poirepourri's ghost
  3189 | D:5      | Reached **** piety under Trog
  3386 | D:5      | Reached XP level 9. HP: 68/71 MP: 8/8
  3566 | D:6      | Noticed Eustachio
  3588 | D:6      | Found a transporter.
  3590 | D:6      | Killed Eustachio
  3590 | D:6      | Reached skill level 14 in Axes
  3595 | D:6      | Found a transporter.
  3915 | D:6      | Found a basalt altar of Yredelemnul.
  4008 | D:6      | Found an opulent altar of Gozag.
  4008 | D:6      | Found an iron altar of Okawaru.
  4015 | D:6      | Found a radiant altar of Vehumet.
  4017 | D:6      | Found a faded altar of an unknown god.
  4018 | D:6      | Found a faded altar of an unknown god.
  4080 | D:6      | Found a staircase to the Ecumenical Temple.
  4271 | D:6      | Reached skill level 15 in Axes
  4620 | D:7      | Found a shadowy altar of Dithmenos.
  4714 | D:7      | Noticed Ethylacetat's ghost (novice NaFE)
  4728 | D:7      | Killed Ethylacetat's ghost
  4728 | D:7      | Reached skill level 5 in Fighting
  4728 | D:7      | Reached skill level 5 in Armour
  4867 | D:7      | Found a shimmering altar of Xom.
  4896 | D:7      | You fall through a shaft for 3 floors!
  4896 | D:10     | Entered Level 10 of the Dungeon
  4916 | D:10     | Noticed a centaur warrior
  4921 | D:10     | Reached XP level 10. HP: 83/83 MP: 9/9
  4924 | D:10     | Killed a centaur warrior
  4928 | D:10     | Reached ***** piety under Trog
  5094 | D:10     | Reached skill level 16 in Axes
  5145 | D:10     | Received a gift from Trog
  5164 | D:10     | Slain by an orc warrior

Skill      XL: |  1  2  3  4  5  6  7  8  9 10 |
---------------+-------------------------------+-----
Axes           | 4 5 8 9 11 13 15 16 | 16.3
Fighting       | 5 6 |  6.8
Armour         | 5 7 |  7.0
Dodging        | |  2.2

Action                   |  1- 3 |  4- 6 |  7- 9 | 10-12 || total
-------------------------+-------+-------+-------+-------++-------
Melee: Hand axe          |    47 |    81 |       |       ||   128
       Headbutt          |    11 |    20 |    31 |    18 ||    80
       War axe           |       |    44 |   200 |   100 ||   344
Invok: Berserk           |     1 |     1 |     4 |       ||     6
       Trog's Hand       |       |     1 |     1 |     2 ||     4
  Use: Scroll            |       |       |     8 |       ||     8
  Eat: Chunk             |       |     6 |    12 |     2 ||    20
Armor: Ring mail         |     7 |       |       |       ||     7
       Animal skin       |     2 |       |       |       ||     2
       Scale mail        |     6 |    42 |    59 |    43 ||   150
Dodge: Dodged            |    26 |    50 |    71 |    62 ||   209
